 Dungeon Crawl Stone Soup version 0.23.2-1-ga50397a6bc (webtiles) character file.

Game seed: 8432892190573720337

5133 LostNumber the Cleaver (level 10, 0/88 HPs)
             Began as a Demigod Wanderer on May 7, 2019.
             Killed from afar by an orc wizard (4 damage)
             ... with a magic dart
             ... on level 9 of the Dungeon.
             The game lasted 00:24:32 (12226 turns).

LostNumber the Cleaver (Demigod Wanderer)          Turns: 12226, Time: 00:24:33

Health: 0/88       AC: 13    Str: 17 (20) XL:     10   Next: 11%
Magic:  13/13      EV:  7    Int: 18      God:
Gold:   42         SH:  5    Dex: 13 (14) Spells: 9/9 levels left

rFire    . . .     SeeInvis .   a - +2 hand axe
rCold    . . .     Gourm    .   g - +0 buckler
rNeg     + . .     Faith    .   C - +0 chain mail
rPois    .         Spirit   .   h - +0 helmet
rElec    .         Reflect  .   k - +0 cloak
rCorr    .         Harm     .   r - +0 pair of gloves
MR       +....                  (no boots)
Stlth    ..........             (no amulet)
HPRegen  0.24/turn              j - ring of positive energy
MPRegen  0.13/turn              (no ring)

@: no status effects
A: high mp 1
a: no special abilities


You were on level 9 of the Dungeon.
You were hungry.

You visited 1 branch of the dungeon, and saw 9 of its levels.

You collected 42 gold pieces.

Inventory:

Hand Weapons
 a - a +2 hand axe (weapon)
 d - a +3 scimitar of flaming
   (You took it off Erica on level 7 of the Dungeon)
Armour
 c - a +0 robe
 g - a +0 buckler (worn)
   (You found it on level 1 of the Dungeon)
 h - a +0 helmet (worn)
   (You found it on level 1 of the Dungeon)
 i - a +0 ring mail
   (You found it on level 1 of the Dungeon)
 k - a +0 cloak (worn)
   (You found it on level 8 of the Dungeon)
 r - a +0 pair of gloves (worn)
   (You found it on level 3 of the Dungeon)
 C - a +0 chain mail (worn)
   (You took it off an orc on level 7 of the Dungeon)
Jewellery
 j - a ring of positive energy (left hand)
   (You found it on level 1 of the Dungeon)
 A - an uncursed ring of magical power
   (You found it on level 5 of the Dungeon)
Wands
 t - a wand of flame (18)
   (You found it on level 9 of the Dungeon)
Scrolls
 l - 2 scrolls of immolation {!r}
 m - 3 scrolls of teleportation {@r4}
 n - a scroll of silence {unknown}
 o - a scroll of random uselessness {unknown}
 p - a scroll of enchant weapon {unknown}
 q - a scroll of vulnerability {unknown}
 x - a scroll of blinking
 y - 4 scrolls of remove curse {unknown}
 z - 2 scrolls of fear
 D - a scroll of fog {unknown}
 E - a scroll of torment {unknown}
Potions
 b - a potion of brilliance
 f - a potion of cancellation
 s - a potion of resistance
Comestibles
 e - 22 rations {!d}


   Skills:
 + Level 8.2 Fighting
 * Level 9.6 Axes
 + Level 4.6 Armour
 - Level 1.7 Stealth
 + Level 6.2 Shields
 + Level 1.1 Evocations


You had 9 spell levels left.
You didn't know any spells.
Your spell library was empty.

Dungeon Overview and Level Annotations

Branches:
Dungeon (9/15)             Temple (0/1) D:5            Lair (0/6) D:8
    Orc: D:9-12

Shops:
D:4 =   D:8 (:

Annotations:
D:8 Maurice


Innate Abilities, Weirdness & Mutations

You have an increased reservoir of magic. (+10% MP)


Message History

You hit the orc warrior.
Your chain mail prevents you from hitting something.
The orc warrior hits you with a +0 war axe!
* * * LOW HITPOINT WARNING * * *
Something hits you but does no damage.
You hit the orc warrior but do no damage.
You closely miss something.
The orc warrior hits you with a +0 war axe!
* * * LOW HITPOINT WARNING * * *
Something hits you but does no damage.
You hit the orc warrior. You hit something.
You hear some strange, mumbled words.
You are confused.
You're too confused to move!
The orc warrior hits you with a +0 war axe!
* * * LOW HITPOINT WARNING * * *
Something hits you.
* * * LOW HITPOINT WARNING * * *
Okay, then.
Unknown command.
Unknown command.
Unknown command.
You hit the orc warrior.
You kill the orc warrior!
You closely miss something.
Unknown command.
Unknown command.
You hit something.
You hear some strange, mumbled words.
A magic dart appears from out of thin air!
The magic dart hits you.
* * * LOW HITPOINT WARNING * * *
Unknown command.
Unknown command.
Something hits you but does no damage.
You feel less confused.
Unknown command.
You block something's attack.
Unknown command.
As you read the scroll of fear, it crumbles to dust.
You assume a fearsome visage.
The iguana looks frightened!
Unknown command.
Cornered, the iguana turns to fight!
A magic dart appears from out of thin air!
The magic dart hits you.
* * * LOW HITPOINT WARNING * * *
The iguana hisses menacingly.
A magic dart appears from out of thin air!
The magic dart hits you.
You die...

##.............##........
#..............#........
........................
.#......#...............
.......#.....#.#.#.####
#..)..#...###........# .
#.....#... #....#####
....#.....#.#####....#####
.........@#....##..>.....#
[.........#....##........#
.........................#
......###................#
.........................#
##...........l...........#
#.##....................#
###...###))..........#
#...# #)...#########


You could see an iguana.

Vanquished Creatures
  Erica (D:7)
  An elephant (D:7)
  Grinder (D:5)
  A hippogriff (D:9)
  A wyvern (D:6)
  A yak (D:8)
  4 hogs (D:8)
  A human (D:8)
  A basilisk (D:8)
  An orc warrior (D:9)
  An ice beast (D:9)
  A phantom (D:4)
  2 eyes of draining (D:3)
  An ogre (D:3)
  3 centaurs
  A bullfrog (D:9)
  A gnoll sergeant (D:6)
  A water moccasin zombie (D:8)
  A wyvern skeleton (D:6)
  8 scorpions
  6 killer bees
  4 crimson imps
  A bullfrog zombie (D:8)
  A bullfrog skeleton (D:5)
  2 hounds
  An orc priest (D:9)
  3 jellies
  A centaur skeleton (D:9)
  2 iguanas
  6 orc wizards
  3 worker ants
  A worker ant zombie (D:6)
  3 gnolls
  2 howler monkey skeletons
  11 adders
  2 shadow imps (D:8)
  2 oozes
  2 adder skeletons
  3 adder zombies
  3 worms (D:2)
  2 dart slugs
  4 leopard geckos
  20 orcs
  6 giant cockroaches
  3 goblins
  5 hobgoblins
  12 jackals
  5 kobolds
  4 quokkas
  2 ball pythons (D:1)
  17 bats
  6 frilled lizards
  A jackal zombie (D:5)
  A quokka zombie (D:7)
  6 rats
186 creatures vanquished.

Vanquished Creatures (others)
  A fungus (D:7)
1 creature vanquished.

Grand Total: 187 creatures vanquished

Notes
Turn   | Place    | Note
-------+----------+-------------------------------------------
     0 | D:1      | LostNumber the Demigod Wanderer began the quest for the
                  | Orb.
     0 | D:1      | LostNumber set off with the following items: a +2 hand axe,
                  | 2 potions of lignification {!q}, a +0 robe, a +0 dagger, a
                  | ration {!d}
     0 | D:1      | Reached XP level 1. HP: 22/22 MP: 3/3
   300 | D:1      | Reached XP level 2. HP: 24/28 MP: 5/5
   557 | D:1      | Reached skill level 2 in Axes
  1025 | D:2      | Reached skill level 1 in Shields
  1047 | D:2      | Reached XP level 3. HP: 27/34 MP: 6/6
  1542 | D:3      | Found a white marble altar of Elyvilon.
  1897 | D:3      | Found an opulent altar of Gozag.
  1897 | D:3      | Found a deep blue altar of Sif Muna.
  1902 | D:3      | Found a burning altar of Makhleb.
  1904 | D:3      | Found a sparkling altar of Nemelex Xobeh.
  1905 | D:3      | Found a faded altar of an unknown god.
  1941 | D:3      | Found a faded altar of an unknown god.
  2037 | D:3      | Found a bloodstained altar of Trog.
  2037 | D:3      | Noticed an eye of draining
  2037 | D:3      | Noticed an eye of draining
  2048 | D:3      | Reached XP level 4. HP: 41/41 MP: 1/7
  2060 | D:3      | Killed an eye of draining
  2060 | D:3      | Reached skill level 5 in Fighting
  2060 | D:3      | Reached skill level 3 in Axes
  2060 | D:3      | Reached XP level 5. HP: 48/48 MP: 0/8
  2066 | D:3      | Killed an eye of draining
  2153 | D:4      | Noticed a phantom
  2186 | D:4      | Reached skill level 4 in Axes
  2431 | D:4      | Killed a phantom
  2431 | D:4      | Reached XP level 6. HP: 26/56 MP: 9/9
  2698 | D:4      | Got a smoking large shield
  2713 | D:4      | Identified the +11 large shield of Miptynn {Dex+3} (You
                  | found it on level 4 of the Dungeon)
  3591 | D:4      | Found Nazeykh's Jewellery Boutique.
  4117 | D:5      | Entered Level 5 of the Dungeon
  4146 | D:5      | Reached skill level 5 in Axes
  4146 | D:5      | Reached XP level 7. HP: 23/62 MP: 10/10
  4533 | D:5      | Found a snail-covered altar of Cheibriados.
  4542 | D:5      | Found a shattered altar of Ashenzari.
  4592 | D:5      | Found a snail-covered altar of Cheibriados.
  4687 | D:5      | Noticed Grinder
  4695 | D:5      | Paralysed by Grinder for 4 turns
  4706 | D:5      | Killed Grinder
  5006 | D:5      | Found a staircase to the Ecumenical Temple.
  5479 | D:6      | Noticed a wyvern
  5490 | D:6      | Killed a wyvern
  5490 | D:6      | Reached skill level 6 in Axes
  6030 | D:6      | Reached XP level 8. HP: 70/71 MP: 11/11
  7110 | D:7      | Reached skill level 7 in Axes
  8466 | D:8      | Noticed Maurice
  8694 | D:8      | Noticed Erica
  8737 | D:7      | HP: 4/109 [Erica/+3 scimitar of flaming (2)]
  8745 | D:7      | Killed Erica
  8745 | D:7      | Reached skill level 8 in Axes
  8745 | D:7      | Reached skill level 5 in Shields
  8745 | D:7      | Reached XP level 9. HP: 16/79 MP: 12/12
  8758 | D:7      | HP: 3/79 [poisoned by Erica (bolt of poison)]
  8763 | D:7      | HP: 3/79 [poisoned by Erica (bolt of poison)]
  9498 | D:8      | Found Girol's Antique Weapon Emporium.
  9690 | D:8      | Reached skill level 9 in Axes
  9910 | D:8      | Found Cegudej's Book Shop.
  9960 | D:8      | Found a staircase to the Lair.
  9960 | D:8      | Noticed an elephant
 10097 | D:7      | Killed an elephant
 11619 | D:9      | Reached XP level 10. HP: 86/88 MP: 13/13
 12211 | D:9      | HP: 3/88 [something/magic dart (2)]
 12221 | D:9      | HP: 3/88 [something/magic dart (3)]
 12226 | D:9      | Killed from afar by an orc wizard

Skill      XL: |  1  2  3  4  5  6  7  8  9 |
---------------+----------------------------+-----
Axes           | 2 3 4 5 6 8 9 |  9.6
Shields        | 1 2 3 4 5 6 |  6.2
Fighting       | 5 6 7 8 |  8.2
Armour         | 3 4 |  4.6
Stealth        | |  1.7
Evocations     | |  1.1

Action                   |  1- 3 |  4- 6 |  7- 9 | 10-12 || total
-------------------------+-------+-------+-------+-------++-------
Melee: Hand axe          |   150 |   132 |   700 |    99 ||  1081
       Unarmed           |       |       |     8 |       ||     8
  Use: Scroll            |       |       |     9 |     2 ||    11
       Potion            |       |       |     9 |     1 ||    10
 Stab: Sleeping          |     5 |     1 |       |       ||     6
  Eat: Chunk             |     4 |     4 |    17 |     1 ||    26
       Ration            |       |     1 |     2 |       ||     3
Armor: Robe              |     6 |       |       |       ||     6
       Ring mail         |    55 |    38 |    35 |       ||   128
       Chain mail        |       |       |   247 |    52 ||   299
       Skin              |       |       |    24 |       ||    24
Dodge: Dodged            |    77 |    35 |   209 |    29 ||   350
Block: Buckler           |    30 |    23 |   146 |    29 ||   228
